 Dungeon Crawl Stone Soup version 0.31.0-1-g2c135a0 (webtiles) character file.

Game seed: 5441300917149285453

14973 Estrea the Metallomancer (level 12, -2/59 HPs)
             Began as a Gargoyle Earth Elementalist on Apr 14, 2024.
             Was a High Priest of Vehumet.
             Slain by a redback (7 damage)
             ... in a Gauntlet.
             The game lasted 00:30:32 (10598 turns).

Estrea the Metallomancer (GrEE)                    Turns: 10598, Time: 00:30:32

Health: -2/59      AC: 25    Str: 19    XL:     12   Next: 22%
Magic:  12/19      EV:  9    Int: 20    God:    Vehumet [*****.]
Gold:   491        SH:  5    Dex:  7    Spells: 13/21 levels left

rFire   + + +        r - +4 whip (heavy)
rCold   + + .        (no shield)
rNeg    + + +        L - +1 pearl dragon scales
rPois   ∞            K - +1 helmet "Onivaut" {rF+ rC+ rN+ Dex-3}
rElec   +            A - scarf {rC+ rF+}
rCorr   .            b - +2 pair of gloves
SInv    .            j - +0 pair of boots
Will    .....        I - amulet of reflection Stlth
                     c - +6 ring of strength
HPRegen 0.29/turn    t - ring of protection from fire
MPRegen 0.16/turn

%: no teleportation, reflection
@: studying Stealth
A: sickness immunity, AC +8, negative energy resistance 1, electricity
resistance, torment resistance 1, petrification resistance
a: Renounce Religion


You were in a Gauntlet.
You worshipped Vehumet.
Vehumet was extremely pleased with you.
You visited 3 branches of the dungeon, and saw 13 of its levels.
You also visited: Ossuary and Gauntlet.

You collected 690 gold pieces.
You spent 199 gold pieces at shops.

Inventory:

Hand Weapons
 r - a +4 heavy whip (weapon)
 s - a +1 broad axe of flaming
Missiles
 y - a throwing net
 z - 10 curare-tipped darts
Armour
 b - a +2 pair of gloves (worn)
 d - a scarf of harm
 j - a +0 pair of boots (worn)
 x - a +2 robe of willpower
 A - a scarf of resistance (worn)
 J - a +0 robe of fire resistance
 K - the +1 helmet "Onivaut" (worn) {rF+ rC+ rN+ Dex-3}
   (You bought it in a shop on level 8 of the Dungeon)

   Dex-3:     It affects your dexterity (-3).
   rF+:       It protects you from fire.
   rC+:       It protects you from cold.
   rN+:       It protects you from negative energy.
 L - +1 pearl dragon scales (worn)
Jewellery
 c - a +6 ring of strength (left hand)
 t - a ring of protection from fire (right hand)
 B - a ring of ice
 I - an amulet of reflection (around neck)
Wands
 g - a wand of paralysis (10)
 k - a wand of polymorph (21)
 C - a wand of flame (48)
 F - a wand of quicksilver (9)
Scrolls
 a - 2 scrolls of fog
 l - 7 scrolls of teleportation
 q - 2 scrolls of vulnerability
 E - 3 scrolls of enchant armour
 G - 2 scrolls of immolation
 H - a scroll of poison
Potions
 e - a potion of invisibility
 f - 3 potions of curing
 h - a potion of enlightenment
 i - 3 potions of might
 m - 3 potions of magic
 n - a potion of haste
 o - a potion of cancellation
 p - 2 potions of ambrosia
 u - 4 potions of mutation
 v - a potion of resistance {unknown}
 w - 3 potions of attraction
 D - 4 potions of brilliance


   Skills:
 - Level 1.5 Dodging
 - Level 2.1 Stealth
 - Level 5.0 Spellcasting
 - Level 1.1 Conjurations
 * Level 21.7 Earth Magic


You had 13 spell levels left.
You knew the following spells:

 Your Spells              Type           Power      Damage    Failure   Level
a - Sandblast             Erth           100%       2d20      0%          1
b - Stone Arrow           Conj/Erth      100%       3d13      1%          3
c - Brom's Barrelling Bo  Conj/Erth      50%        2d7       1%          4

Your spell library contained the following spells:

 Spells                   Type           Power      Damage    Failure   Level
 Fireball                 Conj/Fire      3%         3d4       92%         5
 Passwall                 Erth           75%        N/A       1%          3
 Petrify                  Alch/Erth      48%        N/A       5%          4
 Foxfire                  Conj/Fire      28%        2x1d5     11%         1
 Shock                    Conj/Air       28%        1d4       11%         1
 Sting                    Conj/Alch      28%        1d4       11%         1
 Searing Ray              Conj           18%        2d5       12%         2
 Static Discharge         Conj/Air       14%        3-4/arc   16%         2
 Scorch                   Fire           10%        2d5       17%         2
 Dazzling Flash           Conj/Hex       14%        N/A       28%         3
 Mephitic Cloud           Conj/Alch/Air  6%         N/A       30%         3
 Flame Wave               Conj/Fire      7%         2d5       65%         4
 Airstrike                Air            2%         2d(1-17)  71%         4
 Ignite Poison            Fire/Alch      5%         N/A       71%         4
 Sticky Flame             Fire/Alch      5%         2d4       71%         4
 Swiftness                Air            5%         N/A       80%         3
 Animate Dead             Necr           5%         N/A       99%         4
 Summon Lightning Spire   Summ/Air       5%         N/A       99%         4
 Curse of Agony           Necr           5%         N/A       100%        5
 Silence                  Hex/Air        2%         N/A       100%        5
 Summon Forest            Summ/Tloc      2%         N/A       100%        5
 Summon Mana Viper        Hex/Summ       5%         N/A       100%        5
 Plasma Beam              Fire/Air       2%         2x1d12    100%        6
 Starburst                Conj/Fire      3%         6d3       100%        6
 Summon Cactus Giant      Summ           2%         N/A       100%        6
 Haunt                    Necr/Summ      2%         N/A       100%        7
 Malign Gateway           Summ/Tloc      2%         N/A       100%        7
 Ignition                 Fire           2%         3d3       100%        8
 Infestation              Necr           2%         N/A       100%        8
 Summon Horrible Things   Summ           2%         N/A       100%        8


Dungeon Overview and Level Annotations

Branches:
Dungeon (11/15)            Temple (1/1) D:5            Lair (1/5) D:11
    Orc (0/2) D:11        Ossuary (visited)         Gauntlet (1/1)

Altars:
Ashenzari
Cheibriados
Dithmenos
Elyvilon
Fedhas
Gozag
Hepliaklqana
Kikubaaqudgha
Makhleb
Nemelex Xobeh
Okawaru
Qazlal
Ru
Sif Muna
Trog
Uskayaw
Vehumet
Wu Jian
Xom
Yredelemnul
Zin
The Shining One

Shops:
D:8 [   D:11 =

Annotations:
Gauntlet 11 transporters


Innate Abilities, Weirdness & Mutations

You are immune to sickness and miasma.
Your stone body is resilient. (AC +8)
You are immune to poison.
You resist negative energy. (rN+)
You are resistant to electric shocks. (rElec)
You are resistant to unholy torment.
You are immune to petrification.


Message History

There is a transporter here.
w - 3 potions of attraction (gained 2)
There is a transporter here.
You enter the transporter and appear at another place.
The wolf howls!
There is a transporter here.
You enter the transporter and appear at another place.
The moth of wrath goads the redback on!
The redback goes berserk!
The moth of wrath goads the redback on!
The redback goes berserk!
The blast of sand hits the redback!!
The redback is severely wounded.
The redback completely misses you.
The redback bites you but does no damage.
The redback bites you! The redback closely misses you.
The moth of wrath goads the redback on!
The redback goes berserk!
The redback bites you but does no damage. x3
The redback bites you!
Casting: Sandblast (safe; 0% risk of failure)
Confirm with . or Enter, or press ? or * to list all spells.
Aiming: Stone Arrow (safe; 1% risk of failure)
Press: ? - help, Shift-Dir - straight line, f/p - redback
Aim: a redback (severely wounded, berserk, 72% to hit)
The stone arrow hits the redback!!
You kill the redback!
Vehumet accepts your kill.
The redback bites you but does no damage. x4
Casting: Stone Arrow (safe; 1% risk of failure)
Confirm with . or Enter, or press ? or * to list all spells.
Aiming: Stone Arrow (safe; 1% risk of failure)
Press: ? - help, Shift-Dir - straight line, f - redback
Aim: a redback (berserk, 72% to hit)
The stone arrow hits the redback!!
The redback is heavily wounded.
The redback bites you! The redback barely misses you. The redback bites you.
You block the redback's attack. The redback bites you.
* * * LOW HITPOINT WARNING * * *
You feel better. The redback bites you!!
* * * LOW HITPOINT WARNING * * *
You block the redback's attack. The redback bites you!
You die...

.#############################..≈
...#.©.........©.........©.#...##
...#...........©...........#...≈#
#..#########################..###
≈.........##.)[©.[.##.........§#
##........#.#.....#.#........###
#≈#≈#≈#..#..#...#..#..#≈#≈#≈#
#######..#...#.#...#..#######
#≈..#....#@...#..≈#
#######..#...#s#s..#..#######
#≈#≈#§#..#..#...#..#..#≈#≈#§#
##........#.#.....#.#........###
≈.........##.......##.........≈#
#..#########################..###
...#...........©...........#...≈#
...#.©.........©.........©.#...##
.#############################..§


You could see 2 redbacks.

Vanquished Creatures
  Gastronok (D:8)
  Erica (D:10)
  A two-headed ogre (D:11)
  Sonja (Lair:1)
  An ugly thing (D:11)
  A cyclops (D:11)
  A smoke demon (Gauntlet)
  Maggie (D:8)
  An unseen horror (D:10)
  A cane toad (Lair:1)
  A rime drake (D:11)
  A komodo dragon (Lair:1)
  A red devil (Gauntlet)
  2 trolls
  Grinder (D:3)
  3 hornets
  A blink frog (D:4)
  A vampire (D:10)
  4 wyverns
  A human (D:11)
  4 hogs (D:11)
  A redback (Gauntlet)
  A black bear (Lair:1)
  2 water moccasins (Lair:1)
  6 ice beasts (D:11)
  11 orc warriors
  Duvessa (D:7)
  3 sky beasts
  3 wolves (D:11)
  3 lemures (D:4)
  A weeping skull (Ossuary)
  An elf zombie (Ossuary)
  Blork the orc (D:5)
  5 kobold brigands
  5 bullfrogs
  2 gnoll sergeants
  2 scorpions
  Dowan (D:7)
  20 killer bees
  A howler monkey (D:6)
  2 crimson imps (Gauntlet)
  A bombardier beetle (D:6)
  6 hounds
  9 orc priests
  5 gnoll boudas
  2 centaur zombies (Ossuary)
  A human zombie (Ossuary)
  2 jellies
  A sleepcap (D:5)
  18 orc wizards
  4 iguanas
  2 killer bee zombies (Ossuary)
  2 hound zombies (Ossuary)
  3 mummies (Ossuary)
  Robin (D:4)
  9 adders
  35 gnolls
  2 ufetubi (D:6)
  5 adder zombies (Ossuary)
  2 ribbon worms
  4 dart slugs
  49 orcs
  9 ball pythons
  4 endoplasms
  2 giant cockroaches
  11 goblins
  12 hobgoblins
  12 jackals
  5 quokkas
  A ball python zombie (Ossuary)
  7 bats
  4 frilled lizards
  A gnoll zombie (Ossuary)
  4 jackal zombies (Ossuary)
  29 kobolds
  3 kobold zombies (Ossuary)
  4 orc zombies (Ossuary)
  8 rats
381 creatures vanquished.

Notes
Turn   | Place    | Note
-------+----------+-------------------------------------------
     0 | D:1      | Estrea the Gargoyle Earth Elementalist began the quest for
                  | the Orb.
     0 | D:1      | Reached XP level 1. HP: 10/10 MP: 3/3
   126 | D:1      | Reached skill level 4 in Earth Magic
   140 | D:1      | Reached XP level 2. HP: 15/15 MP: 3/5
   572 | D:1      | Reached XP level 3. HP: 19/19 MP: 0/6
  1058 | D:2      | Reached skill level 5 in Earth Magic
  1199 | D:2      | Reached XP level 4. HP: 24/24 MP: 5/8
  1624 | D:2      | Learned a level 3 spell: Stone Arrow
  1745 | D:3      | Noticed Grinder
  1759 | D:3      | Killed Grinder
  1760 | D:3      | Reached skill level 7 in Earth Magic
  1760 | D:3      | Reached XP level 5. HP: 22/28 MP: 1/10
  1760 | D:3      | Reached XP level 6. HP: 25/32 MP: 1/11
  2643 | D:3      | Learned a level 4 spell: Brom's Barrelling Boulder
  2850 | D:4      | Noticed Pikel
  2860 | D:4      | Pikel changed into Pikel the blink frog
  2860 | D:4      | Noticed Pikel
  2868 | D:4      | Killed Pikel the blink frog
  2869 | D:4      | Reached skill level 8 in Earth Magic
  2869 | D:4      | Reached XP level 7. HP: 5/36 MP: 1/13
  3331 | D:4      | Noticed Robin
  3526 | D:4      | Reached skill level 9 in Earth Magic
  3527 | D:4      | Reached skill level 5 in Spellcasting
  3638 | D:4      | Reached XP level 8. HP: 37/41 MP: 8/15
  3670 | D:4      | Killed Robin
  3744 | D:4      | Got the Anthology of the Shot
  4118 | D:5      | Entered Level 5 of the Dungeon
  4303 | D:5      | Reached skill level 10 in Earth Magic
  4341 | D:5      | Noticed Blork the orc
  4346 | D:5      | Killed Blork the orc
  4417 | D:5      | Found the +1 Delatra's gloves {ID++}
  4606 | D:5      | Reached skill level 11 in Earth Magic
  4735 | D:5      | Found a staircase to the Ecumenical Temple.
  4743 | Temple   | Entered the Ecumenical Temple
  5214 | D:6      | Reached skill level 12 in Earth Magic
  5230 | D:6      | Reached XP level 9. HP: 45/45 MP: 6/16
  5392 | D:6      | Found a radiant altar of Vehumet.
  5402 | D:6      | Became a worshipper of Vehumet
  5407 | D:6      | Found an ornate altar of the Wu Jian Council.
  5681 | D:7      | Reached skill level 13 in Earth Magic
  5795 | D:7      | Found a glowing golden altar of the Shining One.
  5871 | D:7      | Noticed Dowan
  5876 | D:7      | Noticed Duvessa
  5884 | D:7      | Killed Duvessa
  5887 | D:7      | Killed Dowan
  5888 | D:7      | Reached skill level 14 in Earth Magic
  6072 | D:7      | Reached * piety under Vehumet
  6072 | D:7      | Offered knowledge of Freeze by Vehumet.
  6095 | D:7      | Found a sand-covered staircase.
  6103 | Ossuary  | Entered an ossuary
  6531 | D:7      | Reached skill level 15 in Earth Magic
  6573 | D:7      | Offered knowledge of Kiss of Death by Vehumet.
  6736 | D:8      | Noticed Maggie
  6743 | D:8      | Killed Maggie
  6744 | D:8      | Reached XP level 10. HP: 48/50 MP: 11/17
  6822 | D:8      | Reached ** piety under Vehumet
  6881 | D:8      | Reached skill level 16 in Earth Magic
  7037 | D:8      | Found a white marble altar of Elyvilon.
  7089 | D:8      | Identified the +0 mace "Xeyhariz" {freeze, rPois rN+ MP-9}
  7105 | D:8      | Found a blossoming altar of Fedhas.
  7201 | D:8      | Noticed Gastronok
  7218 | D:8      | Killed Gastronok
  7219 | D:8      | Reached skill level 17 in Earth Magic
  7276 | D:8      | Found Ilisiuna's Antique Armour Emporium.
  7279 | D:8      | Bought a shimmering helmet for 199 gold pieces
  7279 | D:8      | Identified the +1 helmet "Onivaut" {rF+ rC+ rN+ Dex-3} (You
                  | bought it in a shop on level 8 of the Dungeon)
  7490 | D:8      | Found a sparkling altar of Nemelex Xobeh.
  7721 | D:9      | Offered knowledge of Inner Flame by Vehumet.
  7844 | D:9      | Reached *** piety under Vehumet
  7972 | D:9      | Reached skill level 18 in Earth Magic
  7988 | D:9      | Reached XP level 11. HP: 36/54 MP: 9/18
  8096 | D:9      | Offered knowledge of Frozen Ramparts by Vehumet.
  8358 | D:10     | Entered Level 10 of the Dungeon
  8562 | D:10     | Noticed Erica
  8570 | D:10     | Killed Erica
  8571 | D:10     | Reached skill level 19 in Earth Magic
  8945 | D:11     | Found Enautt's Jewellery Emporium.
  8969 | D:11     | Reached **** piety under Vehumet
  9015 | D:11     | Found a staircase to the Lair.
  9028 | D:11     | Offered knowledge of Irradiate by Vehumet.
  9197 | D:11     | Reached skill level 20 in Earth Magic
  9336 | D:11     | Noticed a cyclops
  9338 | D:11     | Noticed a two-headed ogre
  9341 | D:11     | Killed a two-headed ogre
  9342 | D:11     | Killed a cyclops
  9376 | D:11     | Noticed a green ugly thing
  9392 | D:11     | Killed a green ugly thing
  9871 | D:11     | Reached ***** piety under Vehumet
  9876 | D:11     | Offered knowledge of Fireball by Vehumet.
  9912 | D:11     | Reached skill level 21 in Earth Magic
 10084 | D:11     | Found a staircase to the Orcish Mines.
 10170 | Lair:1   | Entered Level 1 of the Lair of Beasts
 10173 | Lair:1   | Reached XP level 12. HP: 59/59 MP: 19/19
 10225 | Lair:1   | Found a gate leading to a gauntlet.
 10227 | Lair:1   | Noticed Sonja
 10236 | Lair:1   | Killed Sonja
 10270 | Gauntlet | Entered a Gauntlet
 10270 | Gauntlet | Found a transporter.
 10270 | Gauntlet | Found a transporter.
 10272 | Gauntlet | Found a transporter.
 10273 | Gauntlet | Found a transporter.
 10275 | Gauntlet | Found a transporter.
 10291 | Gauntlet | Found a transporter.
 10294 | Gauntlet | Found a transporter.
 10340 | Gauntlet | Found a transporter.
 10341 | Gauntlet | Found a transporter.
 10341 | Gauntlet | Found a transporter.
 10355 | Gauntlet | Found a transporter.
 10355 | Gauntlet | Noticed a hell hog
 10374 | Gauntlet | Found a transporter.
 10380 | Gauntlet | Noticed an occultist
 10381 | Gauntlet | Found a transporter.
 10395 | Gauntlet | Found a transporter.
 10598 | Gauntlet | Slain by a redback

Illustrated notes

Levels and vault maps discovered:
D:1:      dpeg_arrival_leaves_temple_mockup, layout_basic
D:2:      layout_rooms, grunt_ministairs_8
D:3:      cheibrodos_thug_alley, layout_basic, uniq_grinder
D:4:      layout_basic, nrook_mini_backslash, minmay_between, uniq_robin,
          uniq_pikel
D:5:      layout_loops_ring, minmay_temple_entry_gardened_gates,
          pf_guarded_unrand_delatra, uniq_blork_the_orc
D:6:      layout_basic, minitemple
D:7:      layout_basic, lemuel_doored_altar, nicolae_ossuary_entry_monument,
          st_stairs_6, chequers_serial_rivers_marsh, hangedman_decor_points,
          blue_anna_alchemist, uniq_duvessa
D:8:      layout_gridville, mainiacjoe_overflow_cross_hatched,
          nemelex_spade_bored_becter, elyvilon_altar_5, serial_shops,
          kennysheep_mini_moat, uniq_gastronok, uniq_maggie
D:9:      layout_roguey
D:10:     layout_cave_pools, minmay_misc_feat_pillars, uniq_erica
D:11:     layout_loops_ring, hellmonk_lair_entry_icy, david_orc_4, serial_shops,
          nicolae_shop_tiny_waterfront, grunt_livestock, palyth_stone_intersect
Temple:   compressed_dpeg_triangle_lava_temple
Lair:1:   gammafunk_boulding_lane, layout_chaotic_city, gauntlet_entry_generic,
          serial_bayou_pond_d, uniq_harold, uniq_sonja
Gauntlet: gammafunk_gauntlet_mixed_choke_point
          [minmay_gauntlet_arena_77_terracotta_army,
          minmay_gauntlet_arena_77_tiled_triplets,
          minmay_gauntlet_arena_77_double_cross, nicolae_gauntlet_arena_x,
          minmay_gauntlet_arena_77_museum,
          minmay_gauntlet_arena_77_radiant_squares,
          minmay_gauntlet_arena_77_two_paths, gauntlet_exit_green]

Skill      XL: |  1  2  3  4  5  6  7  8  9 10 11 |
---------------+----------------------------------+-----
Earth Magic    | 4 5 7 8 9 12 15 18 21 | 21.7
Spellcasting   | 3 4 5 |  5.0
Dodging        | |  1.5
Stealth        | |  2.1
Conjurations   | |  1.1

Action                     |  1- 3 |  4- 6 |  7- 9 | 10-12 || total
---------------------------+-------+-------+-------+-------++-------
  Melee: Unarmed           |    14 |       |       |       ||    14
         Whip              |       |     6 |    13 |     5 ||    24
  Throw: Dart              |       |       |       |     8 ||     8
   Cast: Sandblast         |    44 |    72 |   234 |   244 ||   594
         Stone Arrow       |       |       |       |    16 ||    16
         Brom's Barrelling |       |       |       |     3 ||     3
  Evoke: Wand              |       |     1 |       |       ||     1
    Use: Potion            |     1 |     1 |     3 |     5 ||    10
         Scroll            |     2 |     3 |    14 |     4 ||    23
 Armour: Robe              |    28 |    16 |   104 |   190 ||   338
         Pearl dragon scal |       |       |       |    15 ||    15
  Dodge: Dodged            |    18 |    18 |    78 |   151 ||   265
  Block: Other             |       |       |       |    24 ||    24
         Reflection        |       |       |       |     1 ||     1
